 Dungeon Crawl Stone Soup version 0.20.1-1-g8b1a95d (webtiles) character file.

366 MJtheKandyman the Archer (level 6, -2/48 HPs)
             Began as a Centaur Hunter on Dec 24, 2017.
             Slain by Natasha (6 damage)
             ... on level 2 of the Dungeon on Dec 25, 2017.
             The game lasted 00:28:25 (4850 turns).

MJtheKandyman the Archer (Centaur Hunter)           Turns: 4850, Time: 00:28:26

Health: -2/48      AC:  5    Str: 16    XL:     6   Next: 40%
Magic:  6/6        EV:  9    Int: 10    God:
Gold:   119        SH:  0    Dex: 10    Spells: 5/5 levels left

rFire    . . .     SeeInvis .   b - +0 short sword
rCold    . . .     Gourm    .   (no shield)
rNeg     . . .     Faith    .   c - +1 leather armour
rPois    .         Spirit   .   (no helmet)
rElec    .         Reflect  .   (no cloak)
rCorr    .         Harm     .   (no gloves)
MR       .....                  (no barding)
Stlth    +.........             (no amulet)
Regen    0.2/turn               (no ring)
MPRegen  0.1/turn               (no ring)

@: slowed
A: hooves 3, deformed body, speed 2, tough skin 3
a: no special abilities


You were on level 2 of the Dungeon.
You were hungry.

You visited 1 branch of the dungeon, and saw 3 of its levels.

You collected 119 gold pieces.

Inventory:

Hand Weapons
 a - a +1 shortbow
 b - a +0 short sword (weapon)
 q - a +0 spear
 r - a +0 mace
 s - a +0 hand axe
Missiles
 d - 27 arrows
Armour
 c - a +1 leather armour (worn)
 t - a +0 robe
Jewellery
 e - a cursed ring of teleportation {unknown}
 k - an uncursed ring of fire {unknown}
 v - an uncursed ring of poison resistance {unknown}
 C - an uncursed ring of flight {unknown}
Wands
 A - a wand of random effects (30/48)
Scrolls
 f - 3 scrolls of fear {unknown}
 h - 2 scrolls of enchant armour
 i - 5 scrolls of remove curse
 l - 2 scrolls of identify {unknown}
 p - a scroll of teleportation {unknown}
 y - a scroll of magic mapping {unknown}
 D - a scroll of random uselessness {unknown}
Potions
 m - a potion of heal wounds {unknown}
 n - a potion of haste {unknown}
 o - 2 potions of brilliance {unknown}
 u - 2 potions of might {unknown}
 x - a potion of lignification {unknown}
 B - a potion of flight {unknown}
Comestibles
 j - 5 royal jellies
 w - 5 fruits
 z - a meat ration


   Skills:
 - Level 2.0 Fighting
 + Level 2.7 Polearms
 + Level 9.2 Bows
 - Level 1.3 Dodging
 - Level 0.4 Stealth


You had 5 spell levels left.
You didn't know any spells.

Dungeon Overview and Level Annotations

Branches:
Dungeon (3/15)

Altars:
Gozag

Annotations:
D:2 Grinder, Natasha


Innate Abilities, Weirdness & Mutations

You have hooves in place of feet.
Armour fits poorly on your strangely shaped body.
You cover ground very quickly.
You have extremely tough skin. (AC +3)


Message History

Natasha stares at you and mumbles some strange words.
You resist with some effort. Natasha casts a spell at you.
The magic dart hits you!
* * * LOW HITPOINT WARNING * * *
Natasha claws you.
* * * LOW HITPOINT WARNING * * *
Natasha claws you but does no damage.
You climb upwards.
Level annotation: Grinder
There is a stone staircase leading down here.
Natasha mumbles some strange words.
Natasha stares at you and mumbles some strange words.
The magic dart hits you!
* * * LOW HITPOINT WARNING * * *
The crimson imp spits at you. The crimson imp closely misses you.
The crimson imp blinks!
Natasha claws you.
You die...

## ####### #.
#.....# #.
#############.###.#
#. #...........#.#
#.# ####.
#...........#.# #.#
#....
#.........h@..# #.#
#....
#...........### #.#
#.... #...........#
#.# #....
#....5.[....# #.#
#.... #...........#
#.# #....
#>..........#######
#....
#...........#.....#
#....
######............#
###..
#......#.....# #..


You could see Natasha and a crimson imp.

Vanquished Creatures
  An orc priest (D:3)
  Jessica (D:3)
  Ijyb (D:3)
  Natasha (D:3)
  2 orc wizards (D:3)
  3 gnolls (D:2)
  7 adders
  An ooze (D:1)
  A worm (D:2)
  3 dart slugs
  2 leopard geckos
  4 orcs (D:3)
  A ball python (D:3)
  4 giant cockroaches
  13 goblins
  5 hobgoblins
  7 jackals
  A quokka (D:3)
  6 bats
  9 frilled lizards
  6 kobolds
  6 rats
85 creatures vanquished.

Vanquished Creatures (others)
  An orc wizard (D:3)
1 creature vanquished.

Grand Total: 86 creatures vanquished

Notes
Turn   | Place    | Note
-------+----------+-------------------------------------------
     0 | D:1      | MJtheKandyman the Centaur Hunter began the quest for the Orb.
     0 | D:1      | Reached XP level 1. HP: 17/17 MP: 1/1
   311 | D:1      | Reached XP level 2. HP: 19/24 MP: 2/2
   407 | D:1      | Reached skill level 6 in Bows
   664 | D:1      | Reached XP level 3. HP: 26/29 MP: 3/3
  1437 | D:2      | Reached skill level 7 in Bows
  1816 | D:2      | Found an opulent altar of Gozag.
  1865 | D:2      | Reached XP level 4. HP: 36/36 MP: 4/4
  2206 | D:2      | Reached skill level 8 in Bows
  2622 | D:3      | Noticed Grinder
  2624 | D:3      | Noticed Ijyb
  2867 | D:3      | Paralysed by Grinder for 7 turns
  2881 | D:3      | Paralysed by Grinder for 4 turns
  3204 | D:3      | Reached skill level 1 in Polearms
  3204 | D:3      | Reached XP level 5. HP: 6/41 MP: 5/5
  3648 | D:3      | Noticed Natasha
  3680 | D:3      | Killed Natasha
  4337 | D:3      | Noticed Jessica
  4341 | D:3      | Killed Jessica
  4358 | D:3      | Reached XP level 6. HP: 38/48 MP: 6/6
  4627 | D:3      | Reached skill level 9 in Bows
  4676 | D:3      | Killed Ijyb
  4746 | D:3      | Noticed Natasha
  4824 | D:3      | HP: 1/48 [Natasha/magic dart (8)]
  4842 | D:2      | HP: 2/48 [Natasha/magic dart (7)]
  4850 | D:2      | Slain by Natasha

Skill      XL: |  1  2  3  4  5  6 |
---------------+-------------------+-----
Bows           | 6 7 8 9 |  9.2
Polearms       | 1 2 |  2.7
Fighting       | |  2.0
Dodging        | |  1.3
Stealth        | |  0.4

Action                   |  1- 3 |  4- 6 || total
-------------------------+-------+-------++-------
Melee: Short sword       |    76 |    76 ||   152
       Kick              |    13 |    17 ||    30
       Spear             |       |    18 ||    18
 Fire: Shortbow          |    43 |   121 ||   164
  Use: Scroll            |       |     2 ||     2
       Potion            |       |     1 ||     1
  Eat: Chunk             |     2 |     3 ||     5
       Bread ration      |       |     1 ||     1
Armor: Leather armour    |    23 |    66 ||    89
Dodge: Dodged            |    38 |    57 ||    95
